 Dungeon Crawl Stone Soup version 0.25-a0-603-g0321be95db (webtiles) character file.

Game seed: 3375284502169056665, levelgen mode: deterministic

91 An17 the Skirmisher (level 4, -3/36 HPs)
             Began as a Demonspawn Wanderer on Mar 16, 2020.
             Killed by divine providence
             ... invoked by an orc priest
              (13 damage)
             ... on level 2 of the Dungeon.
             The game lasted 00:03:47 (1209 turns).

An17 the Skirmisher (Demonspawn Wanderer)           Turns: 1209, Time: 00:03:48

Health: -3/36      AC: 11    Str: 13    XL:     4   Next: 34%
Magic:  4/4        EV: 13    Int: 16    God:
Gold:   103        SH:  0    Dex: 10    Spells: 3/3 levels left

rFire    . . .     SeeInvis .   i - +1 dagger (elec)
rCold    . . .     Gourm    +   (no shield)
rNeg     . . .     Faith    .   d - +2 scale mail
rPois    .         Spirit   .   (no helmet)
rElec    .         Reflect  .   (no cloak)
rCorr    .         Harm     .   (no gloves)
MR       .....                  j - +0 pair of boots
Stlth    +.........             g - amulet of the gourmand
HPRegen  0.12/turn              m - +4 ring of evasion
MPRegen  0.09/turn              (no ring)

@: no status effects
A: iridescent scales 1, rot immunity
a: no special abilities


You were on level 2 of the Dungeon.
You were not hungry.

You visited 1 branch of the dungeon, and saw 2 of its levels.

You collected 103 gold pieces.

Inventory:

Hand Weapons
 i - a +1 dagger of electrocution (weapon)
 k - a +3 hunting sling
Missiles
 h - 7 boomerangs (quivered)
 n - 19 stones
Armour
 d - a +2 scale mail (worn)
 j - a +0 pair of boots (worn)
Jewellery
 g - an amulet of the gourmand (around neck)
 m - a +4 ring of evasion (left hand)
Scrolls
 c - 2 scrolls of teleportation
 e - a scroll of remove curse
Potions
 a - a potion of flight {unknown}
 b - 2 potions of curing
 l - a potion of heal wounds
Comestibles
 f - a ration


   Skills:
 + Level 3.6 Fighting
 + Level 2.2 Throwing
 + Level 2.7 Armour
 + Level 1.2 Dodging
 + Level 3.1 Stealth


You had 3 spell levels left.
You didn't know any spells.
Your spell library was empty.

Dungeon Overview and Level Annotations

Branches:
Dungeon (2/15)

Altars:
Ru


Innate Abilities, Weirdness & Mutations

You are partially covered in iridescent scales. (AC +2)
You are immune to rotting.


Message History

You barely miss the orc priest.
The orc priest is moderately wounded.
The orc priest misses you.
You closely miss the orc priest.
The orc priest is moderately wounded.
The orc priest mumbles some strange prayers to Beogh against you.
Beogh smites you!
* * * LOW HITPOINT WARNING * * *
You hit the orc priest.
The orc priest is heavily wounded.
The orc priest hits you with a +0 short sword.
* * * LOW HITPOINT WARNING * * *
Your scale mail prevents you from hitting the orc priest.
The orc priest is heavily wounded.
The orc priest completely misses you.
Your scale mail prevents you from hitting the orc priest.
The orc priest is heavily wounded.
The orc priest mumbles some strange prayers to Beogh against you.
Beogh smites you!
You die...

#.# ##...bo...#
#.######..#######
##########...............#
#...................o....####
#'#########........o.........
........# #...............##
........# ##########.####.###.#
........############..##.(....#
...........)....@o...........>#
...##################.##.#.#..#
.......................#.#....#
.†.#####...###########.#.#....#
.................# #.#.#....#
########...#####.# #.#......#
#...# #.# #..###...# #...# #.#
##.# #...# #...# #.# #.# #...#


You could see an orc priest.

Vanquished Creatures
  Terence (D:2)
  2 adders (D:2)
  2 oozes
  2 dart slugs (D:1)
  2 orcs (D:2)
  2 giant cockroaches
  A hobgoblin (D:2)
  4 jackals (D:2)
  5 bats
  3 frilled lizards
  4 goblins
  4 kobolds
  5 rats (D:1)
37 creatures vanquished.

Notes
Turn   | Place    | Note
-------+----------+-------------------------------------------
     0 | D:1      | An17 the Demonspawn Wanderer began the quest for the Orb.
     0 | D:1      | An17 set off with the following items: a +0 club, a potion
                  | of curing, a scroll of teleportation, a +2 scale mail, a +0
                  | dagger, a ration
     0 | D:1      | Reached XP level 1. HP: 18/18 MP: 1/1
   204 | D:1      | Gained mutation: You are immune to rotting. [demonic
                  | ancestry]
   204 | D:1      | Reached XP level 2. HP: 21/24 MP: 2/2
   697 | D:2      | Found a sacrificial altar of Ru.
   741 | D:2      | Reached XP level 3. HP: 7/29 MP: 3/3
  1105 | D:2      | Noticed Terence
  1136 | D:2      | Killed Terence
  1136 | D:2      | Reached skill level 1 in Dodging
  1136 | D:2      | Gained mutation: You are partially covered in iridescent
                  | scales. (AC +2) [demonic ancestry]
  1136 | D:2      | Reached XP level 4. HP: 16/36 MP: 4/4
  1176 | D:2      | Found a faded altar of an unknown god.
  1209 | D:2      | Killed from afar by an orc priest

Levels and vault maps discovered:
D:1:      dpeg_arrival_erosion, layout_basic, serial_rivers,
          chequers_serial_rivers_micro_a, chequers_serial_rivers_small_a,
          chequers_serial_rivers_micro_d, chequers_serial_rivers_micro_a,
          chequers_serial_rivers_small_a, chequers_serial_rivers_large_b,
          minmay_distorted
D:2:      layout_basic, nicolae_overflow_crystal_walls,
          chequers_ecumenical_altar_simple, uniq_terence

Skill      XL: |  1  2  3 |
---------------+----------+-----
Throwing       | 2 |  2.2
Stealth        | 3 |  3.1
Armour         | 2 |  2.7
Dodging        | 1 |  1.2
Fighting       | |  3.6

Action                   |  1- 3 |  4- 6 || total
-------------------------+-------+-------++-------
Melee: Club              |   117 |       ||   117
       Dagger            |    53 |    20 ||    73
Throw: Boomerang         |     4 |       ||     4
  Use: Scroll            |     4 |       ||     4
  Eat: Ration            |     1 |       ||     1
Armor: Scale mail        |   128 |     8 ||   136
Dodge: Dodged            |    95 |    18 ||   113

Table legend:
 A = Non-vault XP
 B = Vault XP
 C = Vault XP percentage of total XP
 D = Non-vault monster count
 E = Vault monster count
 F = Vault count percentage of total count
                 A         B        C        D         E       F
            +---------+---------+-------+---------+---------+-------
      Total |      94 |      37 |  28.2 |      35 |       2 |   5.4
            +---------+---------+-------+---------+---------+-------
        D:1 |      30 |       1 |   3.2 |      15 |       1 |   6.2
        D:2 |      64 |      36 |  36.0 |      20 |       1 |   4.8
            +---------+---------+-------+---------+---------+-------
